 Dungeon Crawl Stone Soup version 0.27-a0-380-g150de4c (webtiles) character file.

Game seed: 10249608329589505570

231 MrTaco21 the Cudgeller (level 6, -2/37 HPs)
             Began as a Gargoyle Fighter on Feb 17, 2021.
             Killed from afar by an orc wizard (5 damage)
             ... with a magic dart
             ... on level 4 of the Dungeon.
             The game lasted 00:03:55 (3505 turns).

MrTaco21 the Cudgeller (Gargoyle Fighter)           Turns: 3505, Time: 00:03:56

Health: -2/37      AC: 15    Str: 21    XL:     6   Next: 3%
Magic:  6/6        EV:  7    Int:  9    God:
Gold:   248        SH:  9    Dex:  9    Spells: 5/5 levels left

rFire    . . .     SeeInvis .   a - +0 flail
rCold    . . .     Faith    .   c - +0 kite shield
rNeg     + . .     Spirit   .   x - +0 scale mail
rPois    ∞         Reflect  .   (no helmet)
rElec    +         Harm     .   (no cloak)
rCorr    .         Rampage  .   h - +2 pair of gloves
Will     +....                  w - +0 pair of boots
Stlth    ..........             (no amulet)
HPRegen  0.12/turn              l - ring of willpower
MPRegen  0.10/turn              (no ring)

@: no status effects
A: negative energy resistance 1, electricity resistance, unbreathing,
petrification resistance, miasma immunity, AC +4
a: no special abilities


You were on level 4 of the Dungeon.
You visited 1 branch of the dungeon, and saw 4 of its levels.

You collected 248 gold pieces.

Inventory:

Hand Weapons
 a - a +0 flail (weapon)
Armour
 c - a +0 kite shield (worn)
 h - a +2 pair of gloves (worn)
   (You found it on level 1 of the Dungeon)
 w - a +0 pair of boots (worn)
   (You found it on level 3 of the Dungeon)
 x - a +0 scale mail (worn)
   (You found it on level 3 of the Dungeon)
Jewellery
 l - a ring of willpower (left hand)
   (You found it on level 2 of the Dungeon)
Wands
 u - a wand of paralysis (7)
   (You found it on level 3 of the Dungeon)
Scrolls
 g - a scroll of noise {unknown}
 j - 2 scrolls of identify {unknown}
 k - 2 scrolls of enchant weapon {unknown}
 m - a scroll of fear {unknown}
 r - 2 scrolls of blinking {unknown}
 s - 2 scrolls of teleportation {unknown}
 v - a scroll of fog {unknown}
 y - a scroll of amnesia {unknown}
Potions
 b - a potion of heal wounds {unknown}
 d - a potion of might
 e - 2 potions of cancellation {unknown}
 f - 3 potions of mutation {unknown}
 i - 2 potions of curing {unknown}
 n - a potion of magic {unknown}
 o - a potion of brilliance {unknown}
 p - a potion of lignification {unknown}
 q - 2 potions of flight {unknown}
 t - a potion of attraction {unknown}


   Skills:
 - Level 3.2 Fighting
 + Level 6.1 Maces & Flails
 - Level 3.2 Armour
 - Level 3.2 Shields


You had 5 spell levels left.
You didn't know any spells.
Your spell library was empty.

Dungeon Overview and Level Annotations

Branches:
Dungeon (4/15)
 Temple: D:4-7

Altars:
Ashenzari
Nemelex Xobeh
The Shining One


Innate Abilities, Weirdness & Mutations

You are resistant to torment.
Your stone body is resilient. (AC +4)
You are immune to poison.
You resist negative energy. (rN+)
You are resistant to electric shocks. (rElec)
You can survive without breathing.
You are immune to petrification.
You are immune to miasma.


Message History

Unknown command.
Things that are here:
a +0 dagger; a +0 robe Unknown command.
You sock the orc wizard! The orc wizard closely misses you.
Unknown command.
You barely miss the orc wizard. The orc wizard completely misses you.
The orc wizard hits you but does no damage.
Unknown command.
Your shield prevents you from hitting the orc wizard.
You block the orc wizard's attack.
Unknown command.
You hit the orc wizard. You block the orc wizard's attack.
Unknown command.
You sock the orc wizard!
You kill the orc wizard!
Your Maces & Flails skill increases to level 6!
You have reached level 6!
Your experience leads to an increase in your attributes!
Increase (S)trength, (I)ntelligence, or (D)exterity?
You feel stronger.
Things that are here:
a +0 dagger; a +0 robe
Items here: ( ) [ †.
An orc priest comes into view. It is wielding a +0 hand axe.
The orc priest shouts!
You hear a shout!
The orc priest miscasts a cantrip.
An orc priest is nearby!
An orc priest is nearby!
An orc comes into view. It is wielding a +0 dagger.
An orc priest and an orc wizard come into view.
The orc priest shouts!
The orc wizard shouts!
Found a ring mail.
The orc priest invokes the aid of Beogh against you.
Beogh smites you!
The orc wizard casts a spell at itself.
The orc wizard flickers and vanishes!
Deactivating autopickup; reactivate with Ctrl-A.
The orc priest casts a cantrip, but nothing happens.
The orc priest invokes the aid of Beogh against you.
Beogh smites you!
* * * LOW HITPOINT WARNING * * *
The orc priest casts a cantrip, but nothing happens.
The orc priest invokes the aid of Beogh against you.
Beogh smites you!
* * * LOW HITPOINT WARNING * * *
Okay, then.
A magic dart appears from out of thin air!
The magic dart hits you.
You die...

..#.>...))............###
..#......)##+#........#
..#.......'..#........#
#.#.......#..#........#
#.####....#..'.o......#
'....#....'..#..o.....#
#....#....#..#..o{....+
######....#.##........#
.........##.#...@######
.........#..#....#
.........#..#....#
.........#.>#....#
.........#..#....#
.........# #....#
.........# #...<#
########## ######


You could see 2 orc priests and an orc.

Vanquished Creatures
  An orc priest (D:4)
  A worker ant (D:4)
  2 orc wizards (D:4)
  3 adders
  An ooze (D:1)
  5 worms
  2 dart slugs
  2 leopard geckos
  4 orcs
  A ball python (D:1)
  5 bats
  A giant cockroach (D:2)
  9 goblins
  8 hobgoblins
  4 jackals (D:3)
  11 kobolds
  A quokka (D:3)
  4 frilled lizards
  2 quokka skeletons (D:4)
  5 rats
72 creatures vanquished.

Notes
Turn   | Place    | Note
-------+----------+-------------------------------------------
     0 | D:1      | MrTaco21 the Gargoyle Fighter began the quest for the Orb.
     0 | D:1      | Reached XP level 1. HP: 14/14 MP: 1/1
   139 | D:1      | Reached XP level 2. HP: 19/19 MP: 2/2
   230 | D:1      | Reached skill level 3 in Maces & Flails
   579 | D:1      | Reached XP level 3. HP: 23/23 MP: 3/3
   644 | D:1      | Found a broken altar of Ashenzari.
  1295 | D:2      | Reached skill level 4 in Maces & Flails
  1414 | D:2      | Reached XP level 4. HP: 22/28 MP: 4/4
  1731 | D:2      | Found a glowing golden altar of the Shining One.
  2169 | D:2      | Found a glowing golden altar of the Shining One.
  2703 | D:3      | Reached skill level 5 in Maces & Flails
  2710 | D:3      | Reached XP level 5. HP: 31/32 MP: 5/5
  3365 | D:4      | Found a sparkling altar of Nemelex Xobeh.
  3434 | D:4      | Reached skill level 6 in Maces & Flails
  3434 | D:4      | Reached XP level 6. HP: 30/37 MP: 6/6
  3505 | D:4      | Killed from afar by an orc wizard

Illustrated notes

Levels and vault maps discovered:
D:1:      minmay_arrival_jagged, layout_loops_corners,
          nicolae_ashenzari_panopticon
D:2:      layout_loops_ring, nicolae_overflow_hidden_temple,
          nicolae_tso_swordbearing_angel
D:3:      layout_loops_ring, minmay_misc_feat_rows
D:4:      layout_gridville, nemelex_xobeh_ov_fountains_minmay,
          kennysheep_little_box

Skill      XL: |  1  2  3  4  5 |
---------------+----------------+-----
Maces & Flails | 3 4 5 6 |  6.1
Fighting       | |  3.2
Armour         | |  3.2
Shields        | |  3.2

Action                   |  1- 3 |  4- 6 || total
-------------------------+-------+-------++-------
Melee: Flail             |   152 |   158 ||   310
Armor: Scale mail        |   101 |    88 ||   189
Dodge: Dodged            |    48 |    45 ||    93
Block: Kite shield       |    95 |    73 ||   168

Table legend: (Time is in decaauts)
 A = Elapsed time spent in this place.
 B = Non-inter-level travel time spent in this place.
 C = Inter-level travel time spent in this place.
 D = Time resting spent in this place.
 E = Time spent auto-exploring this place.
 F = Levels seen in this place.
 G = Mean time per level.
                   A        B        C        D        E       F      G
               +--------+--------+--------+--------+--------+-----+--------+
         Total |   3639 |   3492 |    147 |     79 |   2675 |   4 |  909.8 |
       Dungeon |   3639 |   3492 |    147 |     79 |   2675 |   4 |  909.8 |
               +--------+--------+--------+--------+--------+-----+--------+

Top non-repeatable levels by time:
     D:1: 1238 daAuts
     D:2: 1098 daAuts
     D:3: 848 daAuts
     D:4: 455 daAuts
